 Dungeon Crawl Stone Soup version 0.28.0-53-g5a82cb258f (webtiles) character file.

Game seed: 3874998669335870681

187 Zeld the Conjurer (level 5, -2/28 HPs)
             Began as a Deep Elf Conjurer on May 24, 2022.
             Slain by Starlo's ghost (13 damage)
             ... on level 3 of the Dungeon.
             The game lasted 00:03:48 (3910 turns).

Zeld the Conjurer (Deep Elf Conjurer)               Turns: 3910, Time: 00:03:49

Health: -2/28      AC:  2    Str:  4    XL:     5   Next: 39%
Magic:  0/14       EV: 12    Int: 25    God:
Gold:   124        SH:  0    Dex: 13    Spells: 3/14 levels left

rFire   . . .      SeeInvis .   a - +1 short sword (venom)
rCold   . . .      Faith    .   (no shield)
rNeg    . . .      Spirit   .   f - +0 robe
rPois   .          Reflect  .   (no helmet)
rElec   .          Harm     .   (no cloak)
rCorr   .          Rampage  .   (no gloves)
Will    .....                   (no boots)
Stlth   ++........              (no amulet)
HPRegen 0.09/turn               (no ring)
MPRegen 0.14/turn               (no ring)

@: no status effects
A: no striking features
a: no special abilities


You were on level 3 of the Dungeon.
You visited 1 branch of the dungeon, and saw 3 of its levels.

You collected 124 gold pieces.

Inventory:

Hand Weapons
 a - a +1 short sword of venom (weapon)
Armour
 f - a +0 robe (worn)
Scrolls
 c - 2 scrolls of summoning {unknown}
 d - 4 scrolls of identify {unknown}
 e - a scroll of magic mapping {unknown}
 h - a scroll of blinking {unknown}
 l - a scroll of teleportation {unknown}
 m - a scroll of noise {unknown}
 n - 2 scrolls of silence {unknown}
Potions
 b - a potion of mutation {unknown}
 g - a potion of magic {unknown}
 i - 3 potions of curing {unknown}
 j - a potion of heal wounds {unknown}
 k - a potion of attraction {unknown}
 o - a potion of cancellation {unknown}


   Skills:
 - Level 2.4 Dodging
 - Level 2.4 Stealth
 + Level 5.2 Spellcasting
 + Level 5.6 Conjurations
 - Level 2.0 Hexes
 - Level 2.0 Translocations


You had 3 spell levels left.
You knew the following spells:

 Your Spells              Type           Power      Damage    Failure   Level
a - Magic Dart            Conj           100%       1d8       1%          1
b - Searing Ray           Conj           68%        2d6       1%          2
c - Fulminant Prism       Conj/Hex       12%        3d9       17%         4
d - Iskenderun's Mystic   Conj/Tloc      25%        2d7       17%         4

Your spell library contained the following spells:

 Spells                   Type           Power      Damage    Failure   Level
 Slow                     Hex            64%        N/A       3%          1
 Dazzling Flash           Conj/Hex       50%        N/A       4%          3
 Confusing Touch          Hex            16%        N/A       11%         3
 Corpse Rot               Necr/Air       12%        N/A       12%         2
 Poisonous Vapours        Pois/Air       12%        N/A       12%         2
 Vampiric Draining        Necr           6%         2d6       24%         3


Dungeon Overview and Level Annotations

Branches:
Dungeon (3/15)

Altars:
Gozag

Shops:
D:2 *

Annotations:
D:3 Starlo's ghost, amateur GrFi


Message History

Starlo's ghost barely misses you.
The searing ray hits Starlo's ghost!
Starlo's ghost is heavily damaged.
Starlo's ghost barely misses you.
Unknown command.
The searing ray hits Starlo's ghost but does no damage.
Starlo's ghost is heavily damaged.
Starlo's ghost misses you.
Unknown command.
The searing ray hits Starlo's ghost but does no damage.
Starlo's ghost is heavily damaged.
You finish channelling your searing ray.
Starlo's ghost hits you.
Unknown command.
Casting: Searing Ray (safe; 1% risk of failure)
Confirm with . or Enter, or press ? or * to list all spells.
Aiming: Searing Ray (safe; 1% risk of failure)
Press: ? - help, Shift-Dir - straight line, f/p - Starlo's ghost
Aim: Starlo's ghost (heavily damaged, 88% to hit)
The searing ray hits Starlo's ghost but does no damage.
Starlo's ghost is heavily damaged. (Press . to maintain the ray.) Starlo's ghost barely misses you.
The searing ray hits Starlo's ghost but does no damage.
Starlo's ghost is heavily damaged.
Starlo's ghost barely misses you.
Unknown command.
The searing ray hits Starlo's ghost but does no damage.
Starlo's ghost is heavily damaged.
Starlo's ghost closely misses you.
Unknown command.
The searing ray hits Starlo's ghost but does no damage.
Starlo's ghost is heavily damaged.
You finish channelling your searing ray.
Starlo's ghost barely misses you.
Unknown command.
You hit Starlo's ghost.
Starlo's ghost is heavily damaged.
Starlo's ghost completely misses you. Starlo's ghost hits you!
You die...

#.......### #..'.P8♣.♣8P.+..#
##.####..## #..#≈....bb.≈#..#
#..#.#....# #..#≈.Pbb.P.≈#..#
#...#.#...# #..##≈..P..≈##..#
#..####.#+####.#.##≈≈.≈≈##.#.#
#...........##.##.###'###...<#
###.....#.....##.###.........###
..............##.# ####.....##
.......##.....##@# #######
##''o####.lo..##W#
#..$$$###......#.#
∩.._$..##......#)#
8..8$.8##......#.#
....$$.#######...# #∩8∩8.##
##..############### #######
#.>.............<#
##################


You could see Starlo's ghost.

Vanquished Creatures
  An iguana (D:3)
  An orc wizard (D:3)
  2 gnolls
  4 adders
  2 dart slugs
  5 orcs (D:3)
  11 endoplasms
  2 giant cockroaches (D:1)
  6 goblins
  5 hobgoblins
  7 kobolds
  3 quokkas
  6 ball pythons
  6 bats
  4 frilled lizards
  9 rats
74 creatures vanquished.

Notes
Turn   | Place    | Note
-------+----------+-------------------------------------------
     0 | D:1      | Zeld the Deep Elf Conjurer began the quest for the Orb.
     0 | D:1      | Reached XP level 1. HP: 10/10 MP: 6/6
   149 | D:1      | Found a faded altar of an unknown god.
   187 | D:1      | Reached skill level 1 in Hexes
   267 | D:1      | Reached XP level 2. HP: 15/15 MP: 4/8
   305 | D:1      | Reached skill level 1 in Translocations
   467 | D:1      | Learned a level 2 spell: Searing Ray
   759 | D:1      | Reached XP level 3. HP: 19/19 MP: 0/10
  2018 | D:2      | Reached XP level 4. HP: 14/24 MP: 6/12
  2025 | D:2      | Learned a level 4 spell: Fulminant Prism
  2030 | D:2      | Learned a level 4 spell: Iskenderun's Mystic Blast
  2311 | D:2      | Found Qaamy's General Store.
  2323 | D:2      | Reached skill level 5 in Conjurations
  2987 | D:3      | Found a runed translucent gate.
  2987 | D:3      | Found a runed translucent gate.
  2987 | D:3      | Found a runed translucent gate.
  2988 | D:3      | Found an opulent altar of Gozag.
  2989 | D:3      | Noticed Starlo's ghost (amateur GrFi)
  3276 | D:3      | Reached XP level 5. HP: 28/28 MP: 10/14
  3277 | D:3      | Reached skill level 5 in Spellcasting
  3910 | D:3      | Slain by Starlo's ghost

Illustrated notes

Levels and vault maps discovered:
D:1:      lightli_arrival_flooded_house, layout_loops_ring,
          ebering_ecumenical_altar_ruins, minmay_misc_feat_pillars,
          minmay_tetromino_l2
D:2:      layout_basic, serial_shops, nicolae_shop_crystal, minmay_puff
D:3:      layout_basic, ebering_ghost_gozag, minmay_misc_feat_tiny,
          hangedman_glass_teeth, hangedman_decor_growths, hangedman_glass_garden

Skill      XL: |  1  2  3  4  5 |
---------------+----------------+-----
Hexes          | 1 2 |  2.0
Translocations | 1 2 |  2.0
Spellcasting   | 4 5 |  5.2
Conjurations   | 5 |  5.6
Dodging        | |  2.4
Stealth        | |  2.4

Action                   |  1- 3 |  4- 6 || total
-------------------------+-------+-------++-------
Melee: Short sword       |     7 |    35 ||    42
       Dagger            |     4 |       ||     4
 Cast: Magic Dart        |    47 |       ||    47
       Searing Ray       |    12 |    21 ||    33
 Stab: Sleeping          |       |     2 ||     2
Armor: Robe              |    11 |    12 ||    23
Dodge: Dodged            |    16 |    53 ||    69
